[Event "SVK ECo-C Extraliga 2021-22"]
[Site "Slovakia"]
[Date "2022.06.11"]
[Round "10"]
[White "Straka Jozef"]
[Black "Zpevak, Pavel"]
[Result "1-0"]
[ECO "E56"]
[WhiteElo "2319"]
[BlackElo "2357"]
[Annotator "TA"]
[PlyCount "195"]
[EventDate "2021.10.21"]
[EventType "team-tourn"]
[EventCountry "SVK"]
[SourceTitle "playchess.com"]
[Source "ChessBase"]
[SourceQuality "1"]
[TimeControl "40/5400+30:1800+30"]

1. d4 Nf6 2. c4 e6 3. Nc3 Bb4 4. e3 O-O 5. Bd3 d5 6. Nf3 c5 7. O-O Nc6 8. a3 Ba5 9. cxd5 exd5 10. dxc5 Bxc3 11. bxc3 Qa5 12. Qc2 {[%emt 0:03:50] E56: Nimzo-Indian: Rubinstein: Main Line: 7...Nc6.} Qxc5 13. c4 (13. a4 $5 ) 13... dxc4 {[%emt 0:11:33] [#]} 14. Bb2 $146 {[%emt 0:04:37] White has an edge.} ({Predecessor:} 14. Qxc4 Qxc4 15. Bxc4 Bg4 16. Bb2 Rac8 17. Rac1 Na5 18. Bd3 Nb3 19. Rxc8 Rxc8 20. Nd4 {0-1 (72) Bunk,W (1984)-Hofstetter,H (2163) Bad Kissingen 2018}) 14... Rd8 (14... Be6 {is more complex.} 15. Bxf6 gxf6 16. Bxh7+ Kg7) 15. Qxc4 Qxc4 16. Bxc4 {[%emt 0:00:03] A strong pair of Bishops.} Be6 17. Bxe6 fxe6 18. Ng5 e5 19. Rfd1 Rxd1+ 20. Rxd1 Re8 21. h3 h6 22. Nf3 Kf7 23. g4 Ke6 24. Nh4 {[%emt 0:02:06] Black should prevent Nf5.} Rd8 25. Rxd8 Nxd8 $11 {[%emt 0:00:07][%mdl 4096] Endgame KBN-KNN} 26. Nf5 Ne8 27. f4 Nf7 28. Kf2 h5 29. Ng3 hxg4 30. hxg4 exf4 31. exf4 Kd5 32. Kf3 g5 33. Nh5 gxf4 34. Kxf4 a5 35. g5 Nxg5 36. Kxg5 Kc4 37. Be5 {[%emt 0:01:47] Kf5 would kill now.} Kb3 $2 {[%emt 0:00:02][%mdl 8192] [#] Black is on the road to losing.} (37... Kc5 $11) 38. Kg6 Kxa3 39. Kf7 b5 40. Kxe8 b4 41. Nf4 Kb3 42. Kd7 $2 (42. Kf7 {mates} Kc4 43. Ke6 Kc5 44. Nd3+ Kc4 45. Nb2+ Kb3 46. Kd5 Kc2 47. Kc4) 42... Kc2 $2 (42... a4 $11) 43. Nd5 b3 44. Ne3+ Kb1 45. Nc4 a4 46. Kc6 Kc2 47. Bb2 Kd3 48. Kb5 Ke4 49. Kxa4 Kd5 50. Kxb3 Ke4 51. Kc3 Kd5 52. Kd3 Kc5 53. Ne3 Kb5 54. Kd4 Kc6 55. Ba3 Kb5 56. Bc5 Kc6 57. Nc4 Kc7 58. Kd5 Kb7 59. Bd6 Ka7 60. Kc6 Ka8 61. Bc5 Kb8 62. Be3 Ka8 63. Nb6+ Kb8 64. Bf4+ Ka7 65. Be5 Ka6 66. Bd6 Ka7 67. Bc7 Ka6 68. Bb8 Ka5 69. Nd5 Ka4 70. Kc5 Kb3 71. Bg3 Kc2 72. Kd4 Kd2 73. Nf4 Kc2 74. Kc4 Kb2 75. Ne2 Kc2 76. Nd4+ Kd2 77. Bf2 Kd1 78. Kc3 Kc1 79. Bg3 Kd1 80. Bh4 Kc1 81. Bg3 Kd1 82. Bh4 Kc1 83. Nc2 Kd1 {[%emt 0:00:12] [#]} 84. Kd3 $1 Kc1 85. Bf6 Kd1 86. Bc3 Kc1 87. Bd4 {[%emt 0:01:17] White mates.} Kd1 88. Be5 Kc1 89. Ne3 Kb1 90. Kc3 Kc1 91. Bf4 Kb1 92. Nc4 Ka2 93. Kc2 Ka1 94. Be3 Ka2 95. Bc1 Ka1 96. Nd2 Ka2 97. Ne4 Ka1 98. Bb2+ {[%emt 0:00:02] Weighted Error Value: White=0.31/Black=0.38} 1-0

[Event "SVK ECo-C Extraliga 2021-22"]
[Site "Slovakia"]
[Date "2022.06.11"]
[Round "10"]
[White "Vojtek Vladimir"]
[Black "Zvarik Martin"]
[Result "1-0"]
[ECO "C77"]
[WhiteElo "2297"]
[BlackElo "2228"]
[Annotator "TA"]
[PlyCount "51"]
[EventDate "2021.10.21"]
[EventType "team-tourn"]
[EventCountry "SVK"]
[SourceTitle "playchess.com"]
[Source "ChessBase"]
[SourceQuality "1"]
[TimeControl "40/5400+30:1800+30"]

1. e4 e5 2. Nf3 Nc6 3. Bb5 a6 4. Ba4 Nf6 5. Nc3 Bc5 6. O-O b5 7. Bb3 d6 {[%emt 0:00:43] C77: Ruy Lopez: 3...a6 4 Ba4 Nf6, unusual lines.} 8. h3 {[%emt 0:03:43] Inhibits Bg4.} (8. Nd5 $14) 8... h6 {[%emt 0:14:02] [#]} 9. Ne2 $146 ({Predecessor:} 9. d3 Na5 10. Ne2 O-O 11. Ng3 Bb6 12. c3 Nxb3 13. axb3 Re8 14. Be3 Rb8 15. Qd2 {1-0 (25) Stefansson,H (2518)-Braeuer,F (2435) Marianske Lazne 2022}) 9... Na5 {[%emt 0:04:49] The position is equal.} (9... Nxe4 10. Bd5 Qd7 11. d4 $14 (11. Bxe4 d5 $14)) 10. Ng3 Nxb3 11. axb3 Bb6 12. d4 exd4 13. Nxd4 O-O 14. Qd3 Re8 15. Nxb5 Nd7 (15... Bxh3 $11 16. Nxc7 Bxc7 17. gxh3 Qd7) 16. Qc3 (16. Nc3 $16) 16... Nc5 (16... Bb7 $5 17. Nd4 Nf6 $11) 17. Be3 (17. Nh5 Re5 18. Ng3 Bb7 $15) (17. Bxh6 $2 gxh6 18. Qf3 (18. Nh5 $2 Re5 $19) 18... Bb7 $19) 17... Bd7 ({Much less strong is} 17... Nxe4 18. Nxe4 Rxe4 19. Bxb6 (19. Qc6 Bf5 $14) 19... cxb6 20. Rfd1 $16 (20. Qc6 Bf5 $14)) (17... Bb7 $1 $11 18. Bxc5 Bxc5) 18. Bxc5 $14 {[%emt 0:03:28] White is more active.} Bxc5 19. Nd4 Qg5 20. Kh2 $40 {[%emt 0:03:37][%mdl 128] Black needs to defend precisely.} Qf4 {[%emt 0:02:59] [#]} 21. Nde2 $1 Qh4 22. Qf3 Re5 (22... Bc6 $14) 23. Nf4 $16 Rg5 $2 (23... Ree8 $16) 24. Nd3 (24. Nf5 $142 Rxf5 25. exf5) 24... Bg4 $2 {[%emt 0:03:28] [#]} (24... Bc6 {is a better chance.} 25. Rfe1 (25. Nxc5 Rxc5 26. b4 Rc4 $16) 25... g6) 25. Qf4 $18 Bd4 26. Nf5 {[%emt 0:01:43] Weighted Error Value: White=0.26 (precise) /Black=0.70} 1-0

[Event "SVK ECo-C Extraliga 2021-22"]
[Site "Slovakia"]
[Date "2022.06.11"]
[Round "10"]
[White "Chlpik, Martin"]
[Black "Gasa, Patrik"]
[Result "1/2-1/2"]
[ECO "D00"]
[WhiteElo "2252"]
[BlackElo "2178"]
[Annotator "TA"]
[PlyCount "48"]
[EventDate "2021.10.21"]
[EventType "team-tourn"]
[EventCountry "SVK"]
[SourceTitle "playchess.com"]
[Source "ChessBase"]
[SourceQuality "1"]
[TimeControl "40/5400+30:1800+30"]

1. d4 d5 2. Nc3 Nf6 3. Bf4 a6 4. e3 b5 5. Nf3 Bb7 6. Ne5 {[%emt 0:09:45] D00: 1 d4 d5: Unusual lines.} e6 7. a4 b4 8. Na2 {[%emt 0:00:04] [#]} c5 $146 ({Predecessor:} 8... Nbd7 9. Nd3 Ne4 10. f3 Nd6 11. Naxb4 Nc4 12. b3 g5 13. bxc4 gxf4 14. c5 Qh4+ {0-1 (40) Graf,F (2468)-Bogosavljevic,B (2518) Germany 2019}) 9. dxc5 Bxc5 10. Nd3 Qe7 (10... Bb6 $11) 11. Nxc5 $14 Qxc5 12. c3 ({Better is} 12. Qd4 $14 Qxd4 13. exd4) 12... bxc3 $1 $11 13. Rc1 O-O (13... Nc6 $15 {is superior.}) 14. Rxc3 Qb6 15. Bd3 Nbd7 {[%emt 0:00:57] [#] ...e5 is the strong threat.} 16. O-O e5 17. Rb3 Qc6 18. Nb4 {[%emt 0:00:12] [#]} (18. Bg5 $15) 18... Qxa4 (18... Qd6 $1 $19 19. Bg5 Nc5 20. Bxf6 Nxb3 21. Bxg7 Kxg7 22. Qxb3 Rab8) 19. Bg5 $17 h6 ({Reject} 19... Nc5 $6 20. Bxf6 Qxb3 21. Bxh7+ (21. Qxb3 $2 Nxb3 22. Bxe5 a5 $17) 21... Kxh7 22. Qh5+ Kg8 23. Bxg7 Kxg7 24. Qg5+ Kh8 25. Qh5+ Kg8 26. Qg5+ Kh8 27. Qh5+ Kg8 28. Qg5+ Kh8 $11) 20. Bxf6 Nxf6 21. Bc2 Qd7 22. Nd3 Qe7 ({Black should try} 22... Rfe8 $15 23. Nc5 Qc7) 23. Nxe5 $1 $11 Qxe5 24. Rxb7 Rfb8 {[%emt 0:00:50] Weighted Error Value: White=0.19 (very precise) /Black=0.16 (very precise)} 1/2-1/2

[Event "SVK ECo-C Extraliga 2021-22"]
[Site "Slovakia"]
[Date "2022.06.11"]
[Round "10"]
[White "Rucek Kristian"]
[Black "Kopera Michal"]
[Result "1-0"]
[ECO "D37"]
[WhiteElo "2234"]
[BlackElo "2135"]
[Annotator "TA"]
[PlyCount "73"]
[EventDate "2021.10.21"]
[EventType "team-tourn"]
[EventCountry "SVK"]
[SourceTitle "playchess.com"]
[Source "ChessBase"]
[SourceQuality "1"]
[TimeControl "40/5400+30:1800+30"]

1. d4 d5 2. c4 e6 3. Nf3 Nf6 4. Nc3 Be7 5. Bf4 O-O 6. e3 c5 7. dxc5 Bxc5 8. a3 Nc6 9. Qc2 Bd6 {[%emt 0:08:56] D37: Queen's Gambit Declined: 5 Bf4.} 10. Bg5 dxc4 {[%emt 0:03:54] [#]} (10... Be7 $11) 11. Bxc4 (11. O-O-O $1 $16 {Ne4 is the strong threat.} Qe7 12. Ne4 (12. Bxc4 h6 $16)) 11... Ne5 $11 {[%emt 0:00:39] The position is equal.} 12. Be2 h6 13. Bh4 {[%emt 0:02:37] [#]} Ng6 $146 ({Predecessor:} 13... Bd7 14. Rd1 Qc7 15. Bxf6 gxf6 16. Qd2 Qb6 17. Qxd6 Qxb2 18. Qb4 Qxb4 19. axb4 Nxf3+ 20. gxf3 Bc6 21. e4 {1-0 (21) Amin,B (2505)-Kuzubov,Y (2559) Batumi 2006}) 14. Bxf6 Qxf6 15. Ne4 Qf5 16. O-O Be7 17. Nd4 (17. Rfd1 $5 ) 17... Qa5 18. Rac1 e5 19. Nb3 Qb6 20. Ned2 Be6 21. Nc4 Qc7 22. Bd3 Rac8 {[%emt 0:02:28][%cal Oe5e4] Threatens to win with ...e4!} 23. Qb1 Rfd8 24. Ncd2 Qb6 25. Bxg6 Bxb3 {[%emt 0:05:46] A strong pair of Bishops.} 26. Bh7+ Kf8 {[%emt 0:01:10] Strongly threatening ...Rxc1.} 27. Rxc8 Rxc8 28. Nxb3 Qxb3 29. Bf5 Rd8 30. Bc2 Qb5 31. b4 g6 32. g3 Rd2 33. Qc1 Qe2 34. Bb3 {[%emt 0:00:13] And now Bc4 would win.} Qd3 35. Qc8+ Kg7 ({Black should play} 35... Bd8 $1 $11 36. Qc1 (36. Bc4 Qc3 $15) 36... Kg7) 36. Bc4 (36. Qxb7 $14 Qd7 37. Qa6) 36... Qxa3 $2 {[%emt 0:02:49][%mdl 8192] [#]} (36... Qe4 $11) 37. Qe8 {[%emt 0:00:34] Weighted Error Value: White=0.16 (very precise) /Black=0.36} 1-0

[Event "SVK ECo-C Extraliga 2021-22"]
[Site "Slovakia"]
[Date "2022.06.11"]
[Round "10"]
[White "Urhegyi, Marton"]
[Black "Chovan, Milan"]
[Result "0-1"]
[ECO "C78"]
[WhiteElo "2232"]
[BlackElo "2339"]
[Annotator "TA"]
[PlyCount "106"]
[EventDate "2021.10.21"]
[EventType "team-tourn"]
[EventCountry "SVK"]
[SourceTitle "playchess.com"]
[Source "ChessBase"]
[SourceQuality "1"]
[TimeControl "40/5400+30:1800+30"]

1. e4 e5 2. Nf3 Nc6 3. Bb5 a6 4. Ba4 Nf6 5. O-O b5 6. Bb3 Bb7 7. Re1 Bc5 8. c3 d6 9. d4 Bb6 10. Bg5 h6 11. Bh4 g5 12. Bg3 O-O 13. dxe5 Nxe5 {[%emt 0:01:32] C78: Ruy Lopez: Archangelsk and Möller Defences.} 14. Nxe5 dxe5 15. Nd2 Qe7 {[%emt 0:13:18] The position is equal.} 16. a4 Rad8 17. Qe2 {[%emt 0:02:38] [#]} Rd7 $146 (17... Rd6 $11) ({Predecessor:} 17... Rd6 18. axb5 axb5 19. Nf1 Bc6 20. Bc2 Rfd8 21. Rac1 h5 22. h3 h4 23. Bh2 Qe6 {0-1 (33) Garcia,G (2445)-Beliavsky,A (2605) Novi Sad 1990}) 18. axb5 $16 axb5 19. Nf3 $1 Nxe4 20. Nxe5 $2 (20. Qc2 $1 $16 c5 21. Rxe4 Bxe4 22. Qxe4) 20... Rd2 $15 21. Qh5 {[%emt 0:01:55] Hoping for Qg6+.} Bxf2+ (21... Nxg3 22. Qg6+ Kh8 23. Qxh6+ Kg8 24. Ng4 (24. Qg6+ Kh8 $11) 24... Bxf2+ 25. Nxf2 Ne2+ 26. Kf1 $11) 22. Bxf2 Qxe5 {[%emt 0:00:43] Chess con chili.} 23. Ra7 $2 ({White should play} 23. Re2 $15) 23... Bd5 ({Weaker is} 23... Rxf2 24. Qg6+ Qg7 25. Qxg7+ Kxg7 26. Rxb7 Rxb2 27. Rxe4 Rxb3 28. Rxc7 $17) ({Much less strong is} 23... Rxb2 24. Bd4 Qf5 25. Rxb7 (25. Qxh6 Rxg2+ 26. Kxg2 Qg4+ 27. Kf1 Nd2+ 28. Kf2 Qf3+ 29. Kg1 Qg2#) 25... Nxc3 26. Rxb5 $3 (26. Rxc7 $2 Ne2+ 27. Kh1 Nxd4 $19) 26... Ne2+ 27. Kh1 $18) 24. Bxd5 Qxd5 25. Qf3 (25. Ra6 $17 c6 26. Be3 Rxb2 27. Qxh6) 25... Rxf2 $40 {[%emt 0:05:07][%mdl 128] Black is out for blood.} ({Stronger than} 25... f5 26. Be3 Rxb2 27. Rxc7 $17) 26. Qxe4 Qxe4 27. Rxe4 Rxb2 {[%emt 0:00:13] And now ...Rd8 would win.} 28. Rxc7 $2 $19 {[%emt 0:02:43][%mdl 4096] Endgame KRR-KRR. White does not recover from this.} (28. h4 $17 {was worth a try.}) 28... Rd8 {[%emt 0:02:11] ( -> ...Rd1+)} 29. h4 Rd1+ 30. Kh2 Rdd2 31. Rg4 (31. hxg5 Rxg2+ 32. Kh3) 31... f5 32. Rd4 Rxg2+ 33. Kh1 Rgd2 34. Rxd2 Rxd2 35. hxg5 hxg5 {[%emt 0:00:30][%cal Bh6g5,Bg5g4,Bg4g3][%mdl 32] KR-KR} 36. Rc5 {[%emt 0:00:30] [#]} Rf2 $1 37. Rxb5 Kg7 38. Rb6 Rc2 39. Rc6 g4 40. Kg1 g3 41. Rd6 Rxc3 42. Kg2 {[%emt 0:00:30] Black mates.} f4 43. Rd2 Kf6 44. Kh3 Kf5 45. Ra2 Re3 46. Ra8 Re7 47. Ra5+ Ke4 48. Kg2 Rd7 49. Ra3 Rd2+ 50. Kh3 Rh2+ 51. Kg4 g2 52. Ra4+ Kd5 53. Ra1 Rh1 {[%emt 0:00:30] Weighted Error Value: White=0.64/Black=0.14 (very precise)} 0-1

[Event "SVK ECo-C Extraliga 2021-22"]
[Site "Slovakia"]
[Date "2022.06.11"]
[Round "10"]
[White "Spacek, Oliver"]
[Black "Klemanic, Emil"]
[Result "1/2-1/2"]
[ECO "E90"]
[WhiteElo "2207"]
[BlackElo "2104"]
[Annotator "TA"]
[PlyCount "114"]
[EventDate "2021.10.21"]
[EventType "team-tourn"]
[EventCountry "SVK"]
[SourceTitle "playchess.com"]
[Source "ChessBase"]
[SourceQuality "1"]
[TimeControl "40/5400+30:1800+30"]

1. d4 Nf6 2. Nf3 g6 3. c4 Bg7 4. Nc3 d6 5. e4 O-O 6. h3 Nc6 7. Bd3 {[%emt 0:01:40] E90: King's Indian: Classical: Early deviations and 6 h3.} e5 8. d5 Ne7 (8... Nd4 $11) 9. g4 {[%emt 0:00:32] [#]} (9. O-O $14) 9... a5 $146 ({Predecessor:} 9... c6 10. Be3 a6 11. Qd2 cxd5 12. cxd5 b5 13. a3 Bd7 14. Rc1 Re8 15. Ng1 Rb8 {1-0 (44) Bachofner,A (2213)-Sadilek,M (2313) Austria 2020}) 10. Bg5 Nd7 11. Bc2 Nc5 12. Qe2 h6 13. Be3 g5 14. O-O-O Ng6 {[%emt 0:01:41] Inhibits h4.} 15. Rdg1 Bd7 16. h4 f6 (16... Nxh4 $2 17. Nxh4 gxh4 18. g5 $18) (16... gxh4 $2 17. g5 h3 18. gxh6 $18) 17. h5 Nf4 18. Bxf4 exf4 19. Nd4 (19. Qd1 $14 {deserves consideration.}) 19... Qe7 (19... f5 $11 20. Nxf5 Bxf5 21. exf5 a4) 20. Nf5 Qe5 21. Rd1 a4 {[%emt 0:02:25] [#]} 22. Rh3 (22. a3 $1 $16) 22... Ra6 (22... Bxf5 $11 23. exf5 a3) 23. Kd2 (23. a3 $16) 23... Rb6 24. Rb1 Ra8 25. Ke1 Bf8 26. Kf1 Rb4 27. Kg1 (27. a3 $5 Rb6 28. Qd2 $14) 27... Ra6 (27... Bxf5 $11 28. gxf5 Rb6) 28. a3 $14 Rbb6 29. Kf1 Ra8 30. Nd1 Re8 31. Nc3 Ra8 32. Qd2 Kf7 33. Kg2 Re8 34. Rhh1 Ra8 35. Rhe1 Kg8 36. f3 Kf7 37. Qf2 (37. Nd4 $16) 37... Ra5 (37... Rxb2 $11 {remains equal.} 38. Rxb2 Qxc3) 38. Qd2 Ra8 $1 39. Qf2 Ra5 40. Nd4 {[%emt 0:00:30] Pair of Knights!} Be7 41. Na2 Ra8 42. Nb4 Re8 43. Re2 Bd8 44. Rbe1 Rh8 45. Rd2 Rg8 46. Ree2 Kg7 47. Bb1 Kf7 (47... Re8 $142) 48. Nf5 $16 Rh8 49. Ba2 Kf8 50. Rc2 (50. Nd3 $16 Nxd3 51. Rxd3) 50... Rh7 (50... Rxb4 $14 51. axb4 Nd3) 51. Red2 (51. Kf1 $16) 51... Rh8 (51... Qe8 $1 $11) 52. Rc3 Rh7 53. Bb1 Rh8 (53... Bxf5 $14 54. exf5 (54. gxf5 Qe8 $15) 54... Re7) 54. Nd3 {[%emt 0:01:09] White is much more active. The black rooks are badly placed.} Nxd3 55. Bxd3 ({White should try} 55. Rcxd3 $16 Rh7 56. Re2) 55... Rxb2 $11 56. Rxb2 Qxc3 57. Qc2 Qxc2+ {[%emt 0:03:43] Weighted Error Value: White=0.25 (precise) /Black=0.21 (precise)} (57... Qxa3 $11 {keeps the balance.} 58. Rxb7 Bxf5) 1/2-1/2

[Event "SVK ECo-C Extraliga 2021-22"]
[Site "Slovakia"]
[Date "2022.06.11"]
[Round "10"]
[White "Jozefek, Michal"]
[Black "Pacher, Milan"]
[Result "1-0"]
[ECO "A31"]
[WhiteElo "2201"]
[BlackElo "2394"]
[Annotator "TA"]
[PlyCount "79"]
[EventDate "2021.10.21"]
[EventType "team-tourn"]
[EventCountry "SVK"]
[SourceTitle "playchess.com"]
[Source "ChessBase"]
[SourceQuality "1"]
[TimeControl "40/5400+30:1800+30"]

1. d4 Nf6 2. c4 c5 3. Nf3 cxd4 4. Nxd4 e5 5. Nc2 b5 (5... d5 $11) 6. cxb5 $14 {[%emt 0:08:35] A31: Symmetrical English: 2 Nf3 Nf6 3 d4.} d5 7. Bg5 Bb7 {[%emt 0:01:40] [#]} 8. e4 $146 {[%emt 0:04:03] White is slightly better.} ({Predecessor:} 8. e3 Nbd7 9. Be2 Rc8 10. O-O h6 11. Bh4 g5 12. Bg3 h5 13. f4 gxf4 14. exf4 {0-1 (28) Dobrotka,M (2259)-Kozul,Z (2602) Skopje 2012}) 8... d4 9. Bd3 Nbd7 10. b4 {[%emt 0:01:08] Against Nc5} Be7 11. Qe2 O-O 12. O-O Rc8 13. Nd2 ({White should play} 13. a4 $14) 13... Rc3 $11 14. f3 Nh5 15. Bxe7 Qxe7 16. g3 {[%emt 0:00:47] Against Nf4} Rfc8 {[%emt 0:00:41][%mdl 1024] Threatens to win with ...Qg5. Black has compensation.} (16... Qg5 {is more complex.} 17. Kf2 Rfc8 18. Ne1 Qe7) 17. Nb1 $1 R3c7 18. a4 Qg5 19. Ra2 (19. Qd2 $11 {keeps the balance.} Nf4 20. Kh1) 19... Nf4 $36 {[%emt 0:04:39][%mdl 2048] White is under strong pressure.} 20. Qd2 h6 21. Kh1 $2 (21. Nxd4 $17 {is more resistant.} Nxd3 22. Nc6) 21... Nxd3 $19 22. Qxd3 f5 $1 {[%emt 0:00:25] aiming for ...fxe4.} 23. exf5 (23. Ne1 $142 fxe4 24. fxe4) 23... e4 24. Qb3+ (24. fxe4 Nf6 25. Qb3+ Kh8) (24. Qxd4 exf3 25. Ne1 Qxf5 26. Raf2 Qxb1 27. Nxf3) 24... Kh8 {[%emt 0:00:05] White must now prevent ...d3.} 25. Nxd4 {[%emt 0:02:52] [#]} exf3 $2 (25... Rc1 $1 $19 {[%cal Rc1f1] and Black stays clearly on top.} 26. Kg1 Rxf1+ 27. Kxf1 Qc1+ 28. Kf2 Qh1) 26. Raf2 (26. Nxf3 $2 Ne5 27. Nbd2 Rc3 $19) (26. Nc6 $17) 26... Ne5 (26... Rc1 $19 {And now ...Rxf1+ would win.} 27. Nc6 (27. Nxf3 $2 Ne5 $19) 27... Nb8) 27. Ne6 {[%emt 0:06:44] [#]} ({Don't go for} 27. Nxf3 $2 Nxf3 28. Rxf3 Rc1 29. Rxc1 Bxf3+ 30. Qxf3 Rxc1+ 31. Kg2 Rxb1 $19) (27. Nc6 $17 {was the only defense.} Nxc6 28. bxc6 Rxc6 29. Kg1 (29. Qxf3 $2 Rb6 $19)) 27... Rc1 $4 28. Nxg5 $18 Rxf1+ 29. Rxf1 f2+ {[%emt 0:00:05] [#]} 30. Nf3 $1 Nxf3 (30... Bxf3+ 31. Qxf3) 31. Qf7 Ba8 (31... Rb8 32. Rxf2 Ne5+ 33. Qxb7 Rxb7) 32. Qxa7 Be4 33. Kg2 Rc2 34. Rxf2 Ng5+ 35. Kf1 Rc1+ 36. Ke2 Rxb1 37. f6 {[%emt 0:00:23] White mates.} gxf6 38. Rxf6 Bf3+ 39. Ke3 Rb3+ 40. Kd4 {[%emt 0:00:26] Weighted Error Value: White=0.64/Black=0.82} 1-0

[Event "SVK ECo-C Extraliga 2021-22"]
[Site "Slovakia"]
[Date "2022.06.11"]
[Round "10"]
[White "Kravec, Patrik"]
[Black "Pacher, Milan"]
[Result "0-1"]
[ECO "D04"]
[WhiteElo "2152"]
[BlackElo "2394"]
[Annotator "TA"]
[PlyCount "65"]
[EventDate "2021.10.21"]
[EventType "team-tourn"]
[EventCountry "SVK"]
[SourceTitle "playchess.com"]
[Source "ChessBase"]
[SourceQuality "1"]
[TimeControl "40/5400+30:1800+30"]

1. d4 d5 2. Nf3 Nf6 3. e3 c5 4. c3 Nbd7 5. Bd3 g6 6. O-O Bg7 7. Nbd2 O-O 8. b3 {[%emt 0:00:30] D04: Colle System.} b6 9. Bb2 Bb7 10. c4 {[%emt 0:00:30] The position is equal.} cxd4 11. exd4 {[%emt 0:00:30] [#]} Ne4 $146 ({Predecessor:} 11... e6 12. Re1 Rc8 13. Rc1 Re8 14. Qe2 Bh6 15. Rcd1 Nb8 16. Ne5 Nc6 17. Nxc6 Bxc6 {½-½ (45) Palachev,P (2201)-Skomorokhin,R (2436) Izhevsk 2010}) 12. Rb1 Nxd2 13. Nxd2 e5 14. cxd5 exd4 {[%emt 0:00:30] aiming for ...Ne5.} 15. Nf3 (15. Bc4 $1 $11 {remains equal.}) 15... Bxd5 $17 16. Nxd4 Nc5 17. Be2 {[%emt 0:00:30] [#]} (17. Bc2 $15) 17... Be4 $1 ({Much worse is} 17... Qg5 $6 18. Nf3 Bxf3 19. Bxf3 $11) 18. Rc1 Qd5 {[%emt 0:00:30] ...Rad8 is the strong threat.} 19. Bc4 Qg5 20. g3 Rad8 {[%emt 0:00:30][%cal Ob6b5] White must now prevent ...b5! Black is more active.} 21. Re1 (21. b4 $17 {keeps fighting.}) 21... Ba8 $19 {[%emt 0:00:30][%cal Ob6b5] Strongly threatening ...b5!} 22. Rc2 (22. h4 $142 Qf6 23. Rc2) 22... b5 (22... Bxd4 $19 23. Bxd4 Qf5) 23. f4 $2 {[%emt 0:00:30][%mdl 8192] White does not recover from this.} (23. h4 $17 {nothing else works.} Qf6 24. Bf1) 23... Qf6 24. Bxb5 Ne6 ({Weaker is} 24... Rxd4 25. Qxd4 Qxd4+ 26. Bxd4 Bxd4+ 27. Kf1 $15) 25. Re5 $2 {[%emt 0:00:30] [#]} (25. Nc6 Rxd1 26. Rxd1 Qxb2 27. Rxb2 Bxb2 28. Rd7) 25... Nxf4 $1 26. gxf4 Qxf4 {[%emt 0:00:30][%mdl 64] Pin} 27. Ree2 Bxd4+ 28. Bxd4 Rxd4 29. Qc1 Qg4+ 30. Kf1 Rf4+ (30... Rfd8 $142 31. Bc6 Rd1+ 32. Qxd1 Rxd1+ 33. Re1 Bxc6 34. Rxd1 Qxd1+ 35. Kf2 Qxc2+ 36. Ke3 Qc3+ 37. Ke2 Bf3+ 38. Kf2 Bg4 39. Kg2 Qf3+ 40. Kg1 Bh3 41. b4 Qg2#) 31. Ke1 Qh4+ (31... Qg1+ $142 32. Kd2 Rd8+ 33. Bd3 {[#]} Rxd3+ $1 34. Kxd3 Qd4#) 32. Kd2 Rd8+ 33. Bd3 {[%emt 0:00:30] Weighted Error Value: White=1.34/Black=0.72} 0-1

[Event "SVK ECo-C Extraliga 2021-22"]
[Site "Slovakia"]
[Date "2022.06.11"]
[Round "10"]
[White "Bury, Rastislav"]
[Black "Bochnicka Vladimir ml."]
[Result "0-1"]
[ECO "A89"]
[WhiteElo "2118"]
[BlackElo "2262"]
[Annotator "TA"]
[PlyCount "97"]
[EventDate "2021.10.21"]
[EventType "team-tourn"]
[EventCountry "SVK"]
[SourceTitle "playchess.com"]
[Source "ChessBase"]
[SourceQuality "1"]
[TimeControl "40/5400+30:1800+30"]

1. d4 f5 2. Nf3 Nf6 3. g3 g6 4. Bg2 Bg7 5. O-O O-O 6. c4 d6 7. Nc3 Nc6 {[%emt 0:00:46] Recently 7...c6 got a lot of attention.} 8. b3 e5 9. dxe5 (9. d5 {with more complications.} Ne7 10. e4 Nxe4 11. Nxe4 fxe4 12. Ng5) 9... dxe5 {[%emt 0:00:14] A89: Dutch Defence: Leningrad System: 5 Nf3 0-0 6 0-0 d6 7 Nc3 Nc6.} 10. e4 Qxd1 11. Rxd1 {[%emt 0:00:33] [#]} Nxe4 $146 ({Predecessor:} 11... Be6 12. Ng5 Bf7 13. Ba3 Rfd8 14. Nb5 Rxd1+ 15. Rxd1 Rc8 16. Nxf7 Kxf7 17. exf5 gxf5 18. Bxc6 bxc6 19. Nxa7 {½-½ (28) Tarasova,V (2226)-Chambers,C Chess.com INT 2021}) 12. Nxe4 fxe4 13. Ng5 Bg4 14. Rd2 Nd4 15. Nxe4 {[%emt 0:00:30] [#]} (15. Ba3 $15) 15... Ne2+ $1 $17 16. Rxe2 Bxe2 17. Ba3 Rfd8 18. Nc5 (18. Re1 $142 Bg4 19. Be7) 18... e4 19. Re1 Bf3 20. Nxe4 Bxg2 21. Kxg2 a5 22. Re2 a4 $36 {[%emt 0:01:59][%mdl 2048] Black has strong initiative.} 23. Be7 Rd4 24. Nc5 (24. Bg5 $17) 24... axb3 25. axb3 b6 (25... Re8 $19 {And now ...Kf7 would win.} 26. Ne6 Rd7) 26. Ne6 Rd7 27. Bg5 Re8 {[%emt 0:03:28] ...Kf7 is the strong threat.} 28. Re3 Kf7 29. Nxg7 Rxe3 30. Bxe3 Kxg7 $19 {[%emt 0:00:07][%mdl 4096] Endgame KR-KB} 31. b4 {[%emt 0:00:26] [#]} Kf6 $1 32. Kf3 Ke5 {[%emt 0:00:36] Hoping for ...Rd3.} 33. Ke2 {[%emt 0:00:24] Inhibits Rd3.} Kf5 34. f3 (34. h3 {was worth a try.}) 34... Rd8 35. Bf4 c6 36. Bc7 $2 (36. Be3) 36... Rd4 37. g4+ Ke6 38. c5 g5 $2 (38... b5 39. Ba5 Kd5) 39. Ke3 (39. Bxb6 $142 Rxb4 40. Bd8) 39... Kd5 {[%emt 0:00:27] Strongly threatening ...b5.} 40. h3 $2 (40. Bxb6 Rxb4 41. Bd8) 40... h6 $2 (40... b5 41. Ba5 Rc4) 41. Kf2 $2 (41. Bxb6 Rxb4 42. Kf2) 41... Rd1 $4 (41... bxc5 $19 42. bxc5 Kxc5) 42. Kg3 $4 (42. cxb6 $18 {Black must now prevent b7.} Rb1 43. b7 Rxb4 44. b8=Q Rxb8 45. Bxb8) 42... Kd4 $4 (42... bxc5 $19 43. bxc5 Kxc5) 43. h4 $4 (43. cxb6 $18 Rg1+ 44. Kf2) 43... Ke3 $4 (43... bxc5 $19 44. hxg5 hxg5) 44. hxg5 $2 (44. cxb6 Rf1 45. b7) 44... hxg5 $2 (44... Rg1+ $2 45. Kh2 hxg5 46. cxb6 $18) (44... bxc5 45. Bf4+ (45. gxh6 cxb4 46. Bf4+ Ke2 $16) 45... Ke2 46. gxh6 cxb4) 45. Bd8 $4 Re1 $4 (45... Rxd8 $19 46. cxb6 Rb8 47. Kg2 Rxb6 48. f4 gxf4 49. Kh2 f3 50. Kg3 f2 51. Kh4 f1=Q 52. Kh5 Rxb4 53. g5 Qf7+ 54. g6 Qf6 55. Kh6 Rh4#) 46. Bc7 $4 (46. Bxg5+ $18 Kd3 47. cxb6) 46... Rg1+ 47. Kh2 Rb1 48. Kg3 Ke2 $2 ({Black should try} 48... bxc5 $19 49. Bb6 Rg1+ 50. Kh2 Rf1) 49. Bd8 $2 {[%emt 0:00:04][%mdl 8192] Quite a comeback for Black.  Weighted Error Value: White=1.40/Black=0.54} (49. cxb6 $11 Rxb4 50. Bd8) 0-1